AoeStats
← jyri.hyppanen

Black Forest

509099623Analyzed
4v4 RM · 7d ago on Sep 25, 2026· 23m 55s· 8 players
Game mode
Random Map
Map size
Large (8 player)
Population
200
Speed
Normal
Resources
Standard
Victory
Conquest
Starting age
Dark Age
Ending age
Imperial Age
RankedLock teamsTeams togetherTeam positionsShared explorationLock speedFull tech treeHidden civsTurbo modeCheats
Victory
Defeat
🇪🇸 Britons · Spain
796
+13
🇬🇧 Lithuanians · United Kingdom
781
+14
🇫🇮 Celts · Finland
651
+19
🇩🇪 Hindustanis · Germany
646
+19
🇯🇵 Khmer · Japan
737
-17
🇯🇵 Saxons · Japan
725
-16
🇵🇱 Britons · Poland
725
-16
🇨🇳 Bengalis · China
724
-16
teban0721
1:14 Loom
11:21 Feudal Age
12:17 Double-Bit Axe
16:38 Castle Age
16:30 Horse Collar
17:34 Bow Saw
17:16 Town Watch
20:02 Wheelbarrow
21:15 Caravan
23:09 Hand Cart
23:11 Stone Mining
23:49 Town Patrol
Angelique
0:40 Loom
10:59 Feudal Age
11:35 Horse Collar
12:30 Double-Bit Axe
16:52 Stone Mining
16:52 Gold Mining
20:47 Wheelbarrow
23:26 Castle Age
23:28 Fletching
豚マソ
2:21 Loom
19:17 Feudal Age
23:02 Castle Age
21:49 Horse Collar
21:56 Double-Bit Axe
23:21 Stone Mining
23:22 Gold Mining
n00b
12:39 Feudal Age
13:55 Horse Collar
14:01 Double-Bit Axe
16:33 Castle Age
17:45 Heavy Plow
17:59 Bow Saw
Benthebrit20
0:28 Loom
12:33 Feudal Age
12:56 Horse Collar
13:04 Double-Bit Axe
21:12 Castle Age
23:36 Wheelbarrow
mleit
4:14 Loom
14:49 Feudal Age
18:51 Double-Bit Axe
20:05 Horse Collar
Daoiz1802
12:11 Feudal Age
13:02 Double-Bit Axe
17:30 Castle Age
15:21 Loom
16:57 Stone Mining
16:57 Gold Mining
18:47 Gold Mining
18:40 Horse Collar
22:40 Murder Holes
jyri.hyppanen
14:33 Feudal Age
16:26 Wheelbarrow
15:34 Horse Collar
15:46 Double-Bit Axe
18:36 Stone Mining
18:40 Gold Mining
23:59 Castle Age
22:23 Forging
22:14 Scale Mail Armor
22:05 Fletching
Connection lost

Rejoining the realm…

Still unreachable

The connection could not be restored.

Session expired

The server has moved on; the page needs a fresh start.